 Dungeon Crawl Stone Soup version 0.31.0-11-ge490571c62 (webtiles) character file.

Game seed: 11308372677871183173

8 browni3141 the Firebug (level 2, 19/19 HPs)
             Began as a Demonspawn Fire Elementalist on Jan 30, 2024.
             Got out of the dungeon alive.
             The game lasted 00:00:21 (180 turns).

browni3141 the Firebug (DsFE)                        Turns: 180, Time: 00:00:22

Health: 19/19      AC:  2    Str:  8    XL:     2   Next: 0%
Magic:  5/5        EV: 12    Int: 15    God:
Gold:   12         SH:  0    Dex: 13    Spells: 4/5 levels left

rFire   . . .        c - +0 sling
rCold   . . .        (no shield)
rNeg    . . .        a - +0 robe
rPois   .            (no helmet)
rElec   .            (no cloak)
rCorr   .            (no gloves)
SInv    .            (no boots)
Will    .....        (no amulet)
Stlth   ++           (no ring)
HPRegen 0.23/turn    (no ring)
MPRegen 0.09/turn

%: no passive effects
@: no status effects
A: powered by pain 1
a: no special abilities


You escaped.
You visited 1 branch of the dungeon, and saw 1 of its levels.

You collected 12 gold pieces.

Inventory:

Hand Weapons
 c - a +0 sling (weapon)
Armour
 a - a +0 robe (worn)
Potions
 b - a potion of magic
 d - a potion of curing {unknown}


   Skills:
 + Level 1.9 Dodging
 + Level 2.0 Stealth
 + Level 2.1 Spellcasting
 + Level 1.2 Conjurations
 + Level 2.8 Fire Magic


You had 4 spell levels left.
You knew the following spells:

 Your Spells              Type           Power      Damage    Failure   Level
a - Foxfire               Conj/Fire      28%        2x1d5     10%         1

Your spell library contained the following spells:

 Spells                   Type           Power      Damage    Failure   Level
 Scorch                   Fire           20%        2d5       11%         2
 Inner Flame              Hex/Fire       5%         N/A       36%         3
 Volatile Blastmotes      Fire/Tloc      10%        2d10      36%         3
 Flame Wave               Conj/Fire      7%         2d5       67%         4


Dungeon Overview and Level Annotations

Branches:
Dungeon (1/15)

Altars:


Innate Abilities, Weirdness & Mutations

You sometimes gain a little power by taking damage.


Message History

You open the door.
There is an open door here.
An endoplasm comes into view.
The endoplasm quivers.
An endoplasm is nearby!
An endoplasm is nearby!
An endoplasm is nearby!
You conjure some foxfire!
The foxfire hits the endoplasm.
The endoplasm is severely wounded.
The foxfire hits the endoplasm.
You kill the endoplasm!
Magic restored.
You open the door.
A rat comes into view.
A rat is nearby!
A rat is nearby!
A rat is nearby!
A rat comes into view.
The rat squeaks loudly. x2; You hear an angry hiss.
You conjure some foxfire!
A ball python comes into view.
You conjure some foxfire!
The foxfire hits the rat.
The rat is severely wounded.
You conjure some foxfire!
The foxfire hits the rat.
You kill the rat!
The foxfire hits the rat.
The rat is severely wounded.
The foxfire hits the ball python.
You kill the ball python!
You are out of magic!
The foxfire hits the rat.
You kill the rat!
Your foxfire dissipates!
A ball python comes into view.
A ball python is nearby!
A ball python is nearby!
A ball python is nearby!
You conjure some foxfire!
The ball python hisses angrily.
The foxfire hits the ball python.
You kill the ball python!
Your foxfire dissipates!
An endoplasm comes into view.
An endoplasm is nearby!
An endoplasm is nearby!
An endoplasm is nearby!
You conjure some foxfire!
The endoplasm quivers.
The foxfire hits the endoplasm.
The endoplasm is severely wounded.
The foxfire hits the endoplasm.
The endoplasm is almost dead.
You are out of magic!
You hit the endoplasm but do no damage.
The endoplasm is severely wounded.
The endoplasm freezes you.
You are frozen.
You barely miss the endoplasm.
The endoplasm is severely wounded.
The endoplasm hits you but does no damage.
You hit the endoplasm but do no damage.
The endoplasm is severely wounded.
The endoplasm closely misses you. The endoplasm freezes you.
You are frozen.
You conjure some foxfire!
The endoplasm freezes you.
You are frozen.
The foxfire hits the endoplasm.
You kill the endoplasm!
Your foxfire dissipates!
You see here a +0 sling.
You see here a +0 sling.
c - a +0 sling (weapon)
HP restored.
You now have 12 gold pieces.
d - a fuming brown potion A bat comes into view.
A bat is nearby!
A bat is nearby!
You shoot a sling bullet. The sling bullet hits the bat.
You kill the bat!
No target in view!
No target in view!
A ball python comes into view.
The ball python hisses angrily.
A ball python is nearby!
A ball python is nearby!
A ball python is nearby!
You shoot a sling bullet. The sling bullet hits the ball python.
You kill the ball python!
Your Stealth skill increases to level 2!
You have reached level 2!
Your demonic ancestry asserts itself...
You feel energised by your suffering.
There is an open door here.
There is an open door here.
There is a staircase leading out of the dungeon here.
You have escaped!

#####
#...#
#.@.#
#...#
#...#
####'###
#......##
#)......#
#.#.###.#
#.#..#..#
#.#..#.##


There were no monsters in sight!

Vanquished Creatures
  3 ball pythons (D:1)
  A bat (D:1)
  2 endoplasms (D:1)
  2 rats (D:1)
8 creatures vanquished.

Vanquished Creatures (others)
  14 foxfires (D:1)
14 creatures vanquished.

Grand Total: 22 creatures vanquished

Notes
Turn   | Place    | Note
-------+----------+-------------------------------------------
     0 | D:1      | browni3141 the Demonspawn Fire Elementalist began the quest
                  | for the Orb.
     0 | D:1      | Reached XP level 1. HP: 13/13 MP: 3/3
   150 | D:1      | Gained mutation: You sometimes gain a little power by
                  | taking damage. [demonic ancestry]
   150 | D:1      | Reached XP level 2. HP: 19/19 MP: 5/5
   180 | D:$      | Got out of the dungeon alive.

Illustrated notes

Levels and vault maps discovered:
D:1:      dpeg_arrival_erosion, layout_basic, serial_glass, glass_columns_b,
          glass_columns_a, serial_shops, nicolae_shop_pleasant_corner_grove,
          minmay_octomino_e4

Skill      XL: |  1 |
---------------+----+-----
Stealth        | 2 |  2.0
Dodging        | |  1.9
Spellcasting   | |  2.1
Conjurations   | |  1.2
Fire Magic     | |  2.8

Action                     || total
---------------------------++-------
  Melee: Unarmed           ||     3
   Fire: Sling             ||     2
   Cast: Foxfire           ||     7
 Armour: Robe              ||     1
  Dodge: Dodged            ||     1
